 Dungeon Crawl Stone Soup version 0.31-a0-198-g2ad674f65e (webtiles) character file.

Game seed: 18286948452387471013

1696 qw the Skirmisher (level 8, -5/46 HPs)
             Began as a Deep Elf Hunter on June 25, 2023.
             Slain by an orc warrior
             ... wielding a +0 scimitar
              (16 damage)
             ... on level 6 of the Dungeon.
             The game lasted 00:02:09 (5799 turns).

qw the Skirmisher (Deep Elf Hunter)                 Turns: 5799, Time: 00:02:09

Health: -5/46      AC:  7    Str: 10    XL:     8   Next: 72%
Magic:  10/10      EV: 12    Int: 15    God:
Gold:   339        SH:  0    Dex: 18    Spells: 7/7 levels left

rFire   + . .        k - +4 shortbow (heavy)
rCold   . . .        (shield currently unavailable)
rNeg    . . .        f - +2 ring mail {rF+}
rPois   .            (no helmet)
rElec   .            (no cloak)
rCorr   .            (no gloves)
SInv    .            (no boots)
Will    .....        (no amulet)
Stlth   +            (no ring)
HPRegen 0.27/turn    (no ring)
MPRegen 0.12/turn

%: no passive effects
@: about to teleport
A: no striking features
a: no special abilities


You were on level 6 of the Dungeon.
You visited 1 branch of the dungeon, and saw 7 of its levels.

You collected 339 gold pieces.


   Skills:
 - Level 3.0 Fighting
 + Level 13.6 Ranged Weapons
 - Level 2.0 Armour
 - Level 4.4 Dodging
 - Level 1.2 Stealth


You had 7 spell levels left.
You didn't know any spells.
Your spell library was empty.

Inventory:

Hand Weapons
 k - a +4 heavy shortbow (weapon)
Armour
 f - a +2 ring mail of fire resistance (worn)
Scrolls
 a - a scroll of identify
 b - 2 scrolls of teleportation
Potions
 c - a potion of curing
 e - a potion of lignification {unknown}
 g - a potion of resistance {unknown}
 h - a potion of enlightenment
 i - a potion of might {unknown}

Dungeon Overview and Level Annotations

Branches:
Dungeon (7/15)
 Temple: D:4-7

Altars:
Kikubaaqudgha
Makhleb
Nemelex Xobeh
Sif Muna
Trog
Uskayaw
Vehumet
Wu Jian
Xom
Yredelemnul
Zin

Shops:
D:2 :   D:4 *

Annotations:
D:6 1 runed translucent door, qw's ghost, novice GrFi


Message History

The gnoll barely misses you.
You shoot an arrow. The arrow hits the gnoll!!
You kill the gnoll!
You start resting.
HP restored.
There is an open door here.
There is an open door, spattered with blood here.
Qw's ghost turns its malevolent gaze towards you.
Could not explore, unopened runed door.
(D) Dungeon
Where to? (* - list waypoints, Enter - D:7, ? - help)
What level of the Dungeon? (default 1, ? - help)
There is an open door, spattered with blood here.
There is an open door here.
There is a stone staircase leading down here.
You climb downwards.
The white imp shouts!
The orc barely misses you.
The orc priest mumbles some strange prayers to Beogh against you.
Beogh smites you!
The orc warrior hits you with a +0 scimitar!
The gnoll bouda barks out a call to the hunt!
The gnolls pick up the pace!
There is a stone staircase leading up, spattered with blood here.
5796 ||| STAIRDANCE The orc hits you with a +0 hand axe.
The orc warrior hits you with a +0 scimitar!
The gnoll hits you from afar with a +0 halberd.
You climb upwards.
Level annotation: 1 runed translucent door, qw's ghost, novice GrFi
There is a stone staircase leading down here.
5798 ||| READING 3 scrolls of teleportation.
As you read the scroll of teleportation, it crumbles to dust.
You feel strangely unstable. The orc barely misses you.
The orc warrior closely misses you.
You shoot an arrow. The arrow hits the orc warrior!!
The orc warrior is severely wounded.
The orc closely misses you.
The orc warrior hits you with a +0 scimitar!
You die...

####### #.######### #.# #.#
#.# ######### ##### #.#
#.......####### #...####
##.###.####......... #......#
##...##.# ##..######.
#...##.# #.....#.###......#
#.
##.###.#####.o@##.##.>..##.#
#. #.#
#........)o........##.###.
#.#
########.###.......#...##.
#.# #.# ####......#.... ##.##
##+## #.####...### ##...##
##...## #.# ##### #..#..#
##.....## #.#### ###...###
##.......###.##.##
........###.........##.#...##


You could see an orc warrior and an orc.

Vanquished Creatures
  4 yaks
  A steam dragon (D:6)
  A black bear (D:4)
  A bullfrog (D:6)
  5 wights (D:6)
  4 hounds
  2 orc priests (D:5)
  A sleepcap (D:5)
  2 iguanas
  5 orc wizards
  A gnoll (D:6)
  7 adders
  A white imp (D:5)
  An ufetubus (D:5)
  3 worms
  18 orcs
  7 endoplasms
  6 giant cockroaches
  8 goblins
  7 hobgoblins
  5 quokkas
  7 ball pythons
  5 bats
  2 frilled lizards
  5 kobolds
  7 rats
116 creatures vanquished.

Notes
Turn   | Place    | Note
-------+----------+-------------------------------------------
     0 | D:1      | qw the Deep Elf Hunter began the quest for the Orb.
     0 | D:1      | Reached XP level 1. HP: 12/12 MP: 3/3
     0 | D:1      | 0 ||| qw: Version: 0.3-a-22-g0ed2b0b
     0 | D:1      | 0 ||| qw: Game counter: 5158
     0 | D:1      | 0 ||| qw: Melee chars always use a shield: true
     0 | D:1      | 0 ||| qw: God list: Okawaru
     0 | D:1      | 0 ||| qw: Allow faded altars: false
     0 | D:1      | 0 ||| qw: Do Orc after clearing Dungeon:15 true
     0 | D:1      | 0 ||| qw: Do second Lair branch before Depths: true
     0 | D:1      | 0 ||| qw: Lair rune preference: random
     0 | D:1      | 0 ||| qw: Goals: Normal
     0 | D:1      | 0 ||| PLANNING D:1-11
    98 | D:1      | Reached XP level 2. HP: 16/16 MP: 4/4
   103 | D:1      | Reached skill level 6 in Ranged Weapons
   488 | D:1      | 488 ||| READING 3 scrolls labelled REUMEO ERRALAL.
   489 | D:1      | 489 ||| READING 3 scrolls labelled ULEQIN DOOFF.
   490 | D:1      | 490 ||| READING scroll labelled JOIHARR BINTE.
   491 | D:1      | 491 ||| READING 2 scrolls of identify.
   491 | D:1      | 491 ||| IDENTIFYING brown potion
   492 | D:1      | 492 ||| DROPPING scroll of butterflies.
   493 | D:1      | 493 ||| DROPPING 2 scrolls of blinking.
   494 | D:1      | 494 ||| DROPPING potion of invisibility.
   566 | D:2      | Reached XP level 3. HP: 20/20 MP: 5/5
  1051 | D:2      | Found Othros's Vocational Training.
  1106 | D:2      | HP: 5/20 [adder (2)]
  1110 | D:2      | Reached skill level 7 in Ranged Weapons
  1300 | D:2      | Found a faded altar of an unknown god.
  1494 | D:2      | 1494 ||| READING scroll labelled LOT ZIROUPORGH.
  1498 | D:2      | 1498 ||| READING scroll labelled DYEREC KUOWOEFFA.
  1499 | D:2      | 1499 ||| READING scroll labelled SUUR CUCIRAIW.
  1500 | D:2      | 1500 ||| READING scroll labelled XUDINA FYKAL.
  1501 | D:2      | 1501 ||| READING 3 scrolls of identify.
  1501 | D:2      | 1501 ||| IDENTIFYING metallic puce potion
  1604 | D:3      | Reached XP level 4. HP: 25/25 MP: 6/6
  1754 | D:3      | 1754 ||| READING scroll of enchant weapon.
  1754 | D:3      | 1754 ||| ENCHANTING +1 shortbow.
  1767 | D:3      | 1767 ||| FLEEEEING.
  1768 | D:3      | 1768 ||| FLEEEEING.
  1769 | D:3      | 1769 ||| FLEEEEING.
  1770 | D:3      | 1770 ||| FLEEEEING.
  1771 | D:3      | 1771 ||| FLEEEEING.
  1772 | D:3      | 1772 ||| FLEEEEING.
  1773 | D:3      | 1773 ||| FLEEEEING.
  1774 | D:3      | 1774 ||| FLEEEEING.
  1775 | D:3      | 1775 ||| FLEEEEING.
  1776 | D:3      | 1776 ||| FLEEEEING.
  1777 | D:3      | 1777 ||| FLEEEEING.
  1778 | D:3      | 1778 ||| FLEEEEING.
  1779 | D:3      | 1779 ||| FLEEEEING.
  1780 | D:3      | 1780 ||| FLEEEEING.
  1781 | D:3      | 1781 ||| FLEEEEING.
  1782 | D:3      | 1782 ||| FLEEEEING.
  1783 | D:3      | 1783 ||| FLEEEEING.
  1859 | D:3      | 1859 ||| READING scroll of enchant weapon.
  1859 | D:3      | 1859 ||| ENCHANTING +2 shortbow.
  2015 | D:3      | Reached skill level 8 in Ranged Weapons
  2231 | D:3      | 2231 ||| UPGRADING to +0 scale mail.
  2241 | D:3      | 2241 ||| DROPPING +0 leather armour.
  2242 | D:3      | 2242 ||| UPGRADING to +0 ring mail.
  2252 | D:3      | 2252 ||| DROPPING +0 scale mail.
  2253 | D:3      | 2253 ||| DROPPING scarf of invisibility.
  2254 | D:3      | 2254 ||| READING scroll of enchant armour.
  2254 | D:3      | 2254 ||| ENCHANTING +0 ring mail.
  2255 | D:3      | 2255 ||| DROPPING ring of magical power.
  2256 | D:3      | 2256 ||| READING scroll labelled INWAANO XURIAG.
  2257 | D:3      | 2257 ||| READING 2 scrolls of identify.
  2257 | D:3      | 2257 ||| IDENTIFYING grey potion
  2258 | D:3      | 2258 ||| DROPPING potion of berserk rage.
  2293 | D:4      | Found Oharaej's Gadget Gallery.
  2442 | D:4      | Noticed a black bear
  2445 | D:4      | Killed a black bear
  2446 | D:4      | Reached skill level 9 in Ranged Weapons
  2446 | D:4      | Reached XP level 5. HP: 29/29 MP: 7/7
  2720 | D:4      | Found a sparkling altar of Nemelex Xobeh.
  2720 | D:4      | Found a hide-covered altar of Uskayaw.
  2992 | D:4      | 2992 ||| READING scroll labelled MAIP RIYSSARUT.
  2993 | D:4      | 2993 ||| READING 2 scrolls of identify.
  2993 | D:4      | 2993 ||| IDENTIFYING fizzy clear potion
  2994 | D:4      | 2994 ||| DROPPING potion of attraction.
  3025 | D:5      | Entered Level 5 of the Dungeon
  3025 | D:5      | Noticed a yak
  3025 | D:5      | Noticed a yak
  3025 | D:5      | Noticed a yak
  3026 | D:5      | Noticed a yak
  3030 | D:5      | 3030 ||| STAIRDANCE
  3033 | D:4      | HP: 7/30 [orc/+0 flail (1)]
  3034 | D:4      | 3034 ||| READING 2 scrolls of teleportation.
  3035 | D:4      | HP: 1/30 [yak (7)]
  3037 | D:4      | Killed a yak
  3038 | D:4      | Reached skill level 10 in Ranged Weapons
  3038 | D:4      | Reached XP level 6. HP: 2/35 MP: 8/8
  3197 | D:5      | Found an ornate altar of the Wu Jian Council.
  3254 | D:5      | 3254 ||| Stepping ~*~*~tactically~*~*~ (outnumbered).
  3257 | D:5      | Reached skill level 3 in Dodging
  3306 | D:5      | 3306 ||| FLEEEEING.
  3307 | D:5      | 3307 ||| FLEEEEING.
  3308 | D:5      | 3308 ||| FLEEEEING.
  3309 | D:5      | 3309 ||| FLEEEEING.
  3310 | D:5      | 3310 ||| FLEEEEING.
  3312 | D:5      | 3312 ||| FLEEEEING.
  3313 | D:5      | 3313 ||| FLEEEEING.
  3317 | D:5      | 3317 ||| FLEEEEING.
  3318 | D:5      | 3318 ||| FLEEEEING.
  3349 | D:5      | Reached XP level 7. HP: 40/40 MP: 9/9
  3389 | D:5      | Reached skill level 11 in Ranged Weapons
  3427 | D:5      | Found a radiant altar of Vehumet.
  3468 | D:5      | 3468 ||| READING scroll of enchant weapon.
  3468 | D:5      | 3468 ||| ENCHANTING +3 shortbow.
  3487 | D:5      | Killed a yak
  3498 | D:5      | Killed a yak
  3499 | D:5      | Reached skill level 12 in Ranged Weapons
  3499 | D:5      | HP: 5/40 [yak (8)]
  3500 | D:5      | 3500 ||| READING 2 scrolls of teleportation.
  3502 | D:5      | Killed a yak
  3503 | D:5      | Reached XP level 8. HP: 6/44 MP: 10/10
  4239 | D:5      | Noticed a spectral centipede
  4239 | D:5      | Noticed a spectral black mamba
  4350 | D:5      | Found an ancient bone altar of Kikubaaqudgha.
  4350 | D:5      | Found a shimmering altar of Xom.
  4358 | D:5      | Found a bloodstained altar of Trog.
  4360 | D:5      | Found a basalt altar of Yredelemnul.
  4362 | D:5      | Found a burning altar of Makhleb.
  4382 | D:5      | 4382 ||| UPGRADING to +2 ring mail of fire resistance.
  4392 | D:5      | 4392 ||| DROPPING +1 ring mail.
  4393 | D:5      | 4393 ||| DRINKING 2 clear potions.
  4494 | D:6      | 4494 ||| Stepping ~*~*~tactically~*~*~ (outnumbered).
  4510 | D:6      | Reached skill level 3 in Fighting
  4531 | D:6      | Found a shimmering blue altar of Sif Muna.
  4573 | D:6      | 4573 ||| FLEEEEING.
  4580 | D:6      | 4580 ||| FLEEEEING.
  4581 | D:6      | 4581 ||| FLEEEEING.
  4582 | D:6      | 4582 ||| FLEEEEING.
  4583 | D:6      | 4583 ||| FLEEEEING.
  4619 | D:6      | Noticed qw's ghost (novice GrFi)
  4620 | D:6      | Found a runed translucent door.
  4817 | D:6      | Found a glowing silver altar of Zin.
  5304 | D:6      | 5304 ||| FLEEEEING.
  5411 | D:6      | Reached skill level 13 in Ranged Weapons
  5606 | D:6      | 5606 ||| READING scroll labelled TUT XIATTUTWUMN.
  5607 | D:6      | 5607 ||| READING scroll labelled OGUERE PUIG.
  5608 | D:6      | 5608 ||| READING 2 scrolls of identify.
  5608 | D:6      | 5608 ||| IDENTIFYING coppery potion
  5609 | D:6      | 5609 ||| DROPPING potion of brilliance.
  5655 | D:7      | 5655 ||| STAIRDANCE
  5796 | D:7      | 5796 ||| STAIRDANCE
  5796 | D:7      | HP: 10/46 [gnoll/+0 halberd[a gnoll bouda] (3)]
  5798 | D:6      | 5798 ||| READING 3 scrolls of teleportation.
  5799 | D:6      | Slain by an orc warrior

Levels and vault maps discovered:
D:1:      psy_arrival_spokes, layout_basic
D:2:      layout_loops_corners, nicolae_ecumenical_oubliette,
          nicolae_shop_vocational
D:3:      cheibrodos_old_hovel, layout_basic, serial_curves, eino_curves_02,
          eino_curves_01, eino_curves_02, eino_curves_01
D:4:      layout_basic, grunt_temple_overflow_open, minivault_19,
          hangedman_decor_riveting, chequers_decorated_corner,
          nicolae_shop_gadgets
D:5:      layout_loops_corners, mainiacjoe_overflow_chevrons,
          chequers_temple_overflow_minitemple, pdpol_wu_jian_five_deadly_venoms
D:6:      layout_loops_corners, zin_statuary, nicolae_sif_muna_condensation,
          gammafunk_ghost_grave
D:7:      layout_basic, temple_fountains, minmay_shop_grid_forest,
          kennysheep_generic_room_15

Skill      XL: |  1  2  3  4  5  6  7  8 |
---------------+-------------------------+-----
Ranged Weapons | 6 7 9 10 12 13 | 13.6
Fighting       | 2 3 |  3.0
Dodging        | 3 4 |  4.4
Armour         | 2 |  2.0
Stealth        | |  1.2

Action                     |  1- 3 |  4- 6 |  7- 9 || total
---------------------------+-------+-------+-------++-------
   Fire: Shortbow          |   141 |   124 |   177 ||   442
    Use: Scroll            |     9 |     8 |     6 ||    23
         Potion            |       |       |     1 ||     1
 Armour: Leather armour    |    17 |     3 |       ||    20
         Ring mail         |       |    13 |    22 ||    35
  Dodge: Dodged            |    35 |    26 |    41 ||   102

Table legend:
 A = Non-vault XP
 B = Vault XP
 C = Vault XP percentage of total XP
 D = Non-vault monster count
 E = Vault monster count
 F = Vault count percentage of total count
                 A         B        C        D         E       F
            +---------+---------+-------+---------+---------+-------
      Total |    2388 |      35 |   1.4 |     115 |       1 |   0.9
            +---------+---------+-------+---------+---------+-------
        D:1 |      39 |       0 |   0.0 |      24 |       0 |   0.0
        D:2 |      48 |       0 |   0.0 |      17 |       0 |   0.0
        D:3 |      63 |      35 |  35.7 |      20 |       1 |   4.8
        D:4 |     377 |       0 |   0.0 |       9 |       0 |   0.0
        D:5 |     957 |       0 |   0.0 |      21 |       0 |   0.0
        D:6 |     904 |       0 |   0.0 |      24 |       0 |   0.0
            +---------+---------+-------+---------+---------+-------
